 Dungeon Crawl Stone Soup version 0.27-a0-920-gb2bd10914a (webtiles) character file.

Game seed: 12788729361977891133

92637 robertstho the Eclecticist (level 16, -2/101 HPs)
             Began as a Djinni Fire Elementalist on Apr 9, 2021.
             Was an Initiate of Gozag.
             Slain by a +1 broad axe of chaos (12 damage)
             ... while petrified by a +1 broad axe of chaos
             ... on level 2 of the Orcish Mines.
             The game lasted 01:06:00 (29739 turns).

robertstho the Eclecticist (DjFE)                  Turns: 29739, Time: 01:06:00

Health: -2/101     AC: 12    Str:  7    XL:     16   Next: 6%
Gold:   2827       EV:  2    Int: 31    God:    Gozag SH:  0 Dex: 13

rFire    + + +     SeeInvis .   L - +7 great mace "Firestarter" {inner flame, rF++}
rCold    x . .     Faith    .   (shield currently unavailable)
rNeg     + + +     Spirit   .   a - +2 robe {rF+}
rPois    ∞         Reflect  .   x - +1 helmet
rElec    .         Harm     .   (no cloak)
rCorr    .         Rampage  .   I - +1 pair of gloves {archery}
Will     +....                  (boots unavailable)
Stlth    +++.......             P - amulet of regeneration
HPRegen  1.26/turn              i - +4 ring of protection
MPRegen  0.00/turn              e - +6 ring of intelligence

@: petrified, flying, slowed
A: fire resistance 2, cold vulnerability 1, float, innate caster, hp casting,
extra vitality 1
a: Renounce Religion, Potion Petition, Call Merchant, Bribe Branch


You were on level 2 of the Orcish Mines.
You worshipped Gozag.
Gozag was most pleased with you.
You visited 4 branches of the dungeon, and saw 23 of its levels.
You also visited: Volcano.

You collected 8870 gold pieces.
You spent 2634 gold pieces at shops.
You paid 3409 gold pieces to Gozag.

Inventory:

Hand Weapons
 G - a +4 scimitar of flaming
 H - the +1 war axe "Alatac" {holy, rElec Str+4}
   (You found it on level 5 of the Lair of Beasts)

   It has been blessed by the Shining One to cause great damage to the undead
   and demons.
   It affects your strength (+4).
   It insulates you from electricity.
 L - the +7 great mace "Firestarter" (weapon) {inner flame, rF++}
   (You found it on level 10 of the Dungeon)

   It has been specially enchanted to burn those struck by it, causing extra
   injury to most foes and up to half again as much damage against particularly
   susceptible opponents.
   It greatly protects you from fire.
Missiles
 C - 8 curare-tipped darts
 E - 3 boomerangs of dispersal
Armour
 a - a +2 robe of fire resistance (worn)
 x - a +1 helmet (worn)
 B - a +2 robe of willpower
 D - the +1 buckler of the Stag {*Slow Str+3}
   (You bought it in a shop on level 4 of the Dungeon)

   It affects your strength (+3).
   It may slow you when you take damage.
 I - a +1 pair of gloves of archery (worn)
Jewellery
 e - a +6 ring of intelligence (right hand)
 i - a +4 ring of protection (left hand)
 p - a +4 ring of evasion
 u - a ring of protection from fire
 y - a ring of protection from cold
 F - a ring of positive energy
 J - a +6 ring of dexterity
 K - a ring of fire
 P - an amulet of regeneration (around neck)
 R - a ring of ice
Wands
 z - a wand of iceblast (14)
 O - a wand of digging (6)
 Q - a wand of acid (8)
Scrolls
 b - 2 scrolls of torment
 n - a scroll of fear
 q - 3 scrolls of magic mapping
 r - 2 scrolls of teleportation
 s - a scroll of enchant weapon
 v - 3 scrolls of blinking
 A - a scroll of enchant armour
 N - a scroll of holy word
 V - 2 scrolls of fog
Potions
 c - a potion of berserk rage
 d - 6 potions of ambrosia
 f - 2 potions of might
 g - a potion of heal wounds
 h - 3 potions of mutation
 j - 5 potions of lignification
 l - 5 potions of resistance
 m - 3 potions of attraction
 o - a potion of invisibility
 t - 8 potions of brilliance
 w - a potion of haste
 T - 6 potions of curing
Miscellaneous
 M - a lightning rod (4/4)
 S - a phantom mirror


   Skills:
 + Level 4.5 Fighting
 + Level 2.2 Short Blades
 + Level 3.2 Maces & Flails
 + Level 7.0 Dodging
 + Level 5.7 Stealth
 * Level 20.3 Spellcasting
 + Level 0.3 Evocations


You had 15 spell levels left.
You knew the following spells:

 Your Spells              Type           Power      Damage    Failure   Level
a - Foxfire               Conj/Fire      100%       2x1d9     0%          1
b - Conjure Flame         Conj/Fire      100%       6-21      0%          3
c - Inner Flame           Hex/Fire       100%       N/A       0%          3
d - Sticky Flame          Conj/Fire      100%       2d11      0%          4
e - Fireball              Conj/Fire      51%        3d20      0%          5
f - Summon Small Mammal   Summ           100%       N/A       0%          1
g - Searing Ray           Conj           100%       3d7       0%          2
h - Wereblood             Tmut           100%       N/A       0%          2
i - Teleport Other        Tloc           100%       N/A       0%          3
j - Summon Mana Viper     Hex/Summ       100%       N/A       0%          5
k - Hydra Form            Tmut           51%        N/A       0%          5
l - Freezing Cloud        Conj/Ice/Air   51%        6-21      1%          6
Your spell library was empty.

Dungeon Overview and Level Annotations

Branches:
Dungeon (14/15)            Temple (1/1) D:5            Lair (6/6) D:11
  Swamp (0/4) Lair:3        Snake (0/4) Lair:3        Slime (0/5) Lair:6
    Orc (2/2) D:12            Elf (0/3) Orc:2        Vaults (0/5) D:13
Volcano (visited)

Altars:
Dithmenos
Elyvilon
Fedhas
Gozag
Hepliaklqana
Kikubaaqudgha
Makhleb
Nemelex Xobeh
Okawaru
Qazlal
Ru
Sif Muna
Trog
Vehumet
Xom
Yredelemnul
The Shining One
Beogh
Jiyva

Shops:
D:4 ?[[   D:11 *   Orc:2 [!==   Lair:2 !

Annotations:
Lair:2 1 runed translucent door, Ruiv's ghost, journeyman GrDe
Lair:4 taxman66's ghost, journeyman DjFE
Orc:2 Grognak's ghost, journeyman TrCK


Innate Abilities, Weirdness & Mutations

You are immune to poison.
Your flesh is very heat resistant. (rF++)
You are vulnerable to cold. (rC-)
You float through the air rather than walking.
You learn spells naturally, not from books.
Your magical power is your life essence.
You have superior vitality. (+4 HP)


Message History

Okay, then.
Your mana viper barely misses the +1 broad axe of chaos.
The +1 broad axe of chaos hits your mana viper!!
Your mana viper dies!
The +1 broad axe of chaos hits your mana viper!
Your mana viper bites the +1 broad axe of chaos!
Your mana viper bites the +1 broad axe of chaos but does no damage.
You have turned to stone.
Your mana viper bites the +1 broad axe of chaos.
The +1 broad axe of chaos hits you!
The +1 broad axe of chaos hits your mana viper.
Your mana viper bites the +1 broad axe of chaos!
The +1 broad axe of chaos hits you!!
The +1 broad axe of chaos hits your mana viper!
Your mana viper bites the +1 broad axe of chaos but does no damage.
The +1 broad axe of chaos hits your mana viper!!
Your mana viper appears confused.
The +1 broad axe of chaos hits you! The +1 broad axe of chaos freezes you!
Your mana viper bites the +1 broad axe of chaos but does no damage.
The +1 broad axe of chaos hits your mana viper!
Your mana viper is poisoned.
The +1 broad axe of chaos hits you but does no damage.
Grognak's ghost hits you!!
The +1 broad axe of chaos hits your mana viper!
Your mana viper dies!
The +1 broad axe of chaos hits you! The +1 broad axe of chaos hits you!
You feel yourself slow down. Grognak's ghost hits you!
The +1 broad axe of chaos hits you!
* * * LOW HITPOINT WARNING * * *
Grognak's ghost hits you but does no damage.
The +1 broad axe of chaos hits you!
* * * LOW HITPOINT WARNING * * *
The +1 broad axe of chaos hits you!
* * * LOW HITPOINT WARNING * * *
Grognak's ghost hits you!
* * * LOW HITPOINT WARNING * * *
The +1 broad axe of chaos hits you!!
You die...
Your body crumbles into a pile of gold.

.##............###.## ###### #
.####...........#...###.##.##
..###..............###......##
.###....#..........##.#....#.##
###.....#......#..##...#.#....#
.#.....##.........###..#.....##
........#..###....###.........###
).........##[#.....##..........##
..#.......#._'.(@.#.#.....#.....#
..........##$#.W.....#.#...#.....
..........<###......#...#.###...#
.).................######## #....
..........######.########## ##...
.........############≈≈≈≈≈#####§.
........####≈≈≈##≈≈≈≈≈≈≈≈≈≈§≈≈#§≈
.......####≈≈...##...≈≈≈≈≈≈≈≈##§≈
.......###≈###8..'....≈≈≈.8###≈≈≈


You could see a +1 broad axe of chaos and Grognak's ghost.

Vanquished Creatures
  A fire giant (D:10)
  Snorg (D:12)
  A fire dragon (Volcano)
  2 ogre magi
  6 hydras
  Erolcha (Orc:2)
  A boulder beetle (D:12)
  An ice dragon (Lair:6)
  5 two-headed ogres
  A tengu warrior (D:12)
  A death knight (D:12)
  Erica (D:8)
  2 death yaks (Lair:3)
  Urug (D:10)
  Nergalle (Orc:2)
  A skeletal warrior (D:13)
  3 lindwurms (Lair:6)
  A wolf spider (Lair:1)
  A deep elf pyromancer (D:12)
  7 orc sorcerers (Orc:2)
  3 manticores
  2 cyclopes
  6 elephants
  13 black mambas
  A gargoyle (D:13)
  16 cane toads
  6 torpor snails
  Psyche (D:11)
  A rime drake (Lair:3)
  An unseen horror (D:11)
  A kobold demonologist (D:9)
  13 komodo dragons
  An efreet (D:13)
  A tengu conjurer (D:13)
  A freezing wraith (D:12)
  A troll (D:9)
  A queen bee (D:13)
  3 tyrant leeches (Lair:6)
  6 meliai (D:13)
  13 polar bears
  8 blink frogs
  7 hornets
  2 raiju (Lair:6)
  Grinder (D:5)
  18 dream sheep
  3 slime creatures (D:12)
  A vampire (D:12)
  9 wraiths
  5 wyverns
  2 shadows
  5 basilisks
  9 spriggans (D:9)
  3 fire elementals (D:12)
  68 yaks
  Grum (D:10)
  12 fire bats
  A basilisk (shapeshifter) (D:13)
  2 steam dragons (Volcano)
  12 vampire mosquitoes
  5 wargs
  8 nagas (Lair:3)
  2 acid dragons
  18 water moccasins
  14 hell hounds (Lair:6)
  A hornet zombie (D:7)
  3 sky beasts
  15 black bears
  17 orc warriors
  2 necrophages
  9 ogres
  4 boggarts (Lair:4)
  25 wolves
  8 centaurs
  A phantom (D:7)
  3 kobold brigands (D:9)
  11 bullfrogs
  4 scorpions
  19 killer bees
  2 electric eels
  2 howler monkeys (D:7)
  5 lava snakes (Volcano)
  13 orc priests
  A hound (D:7)
  3 centaur zombies
  2 gnoll shamans
  A bullfrog skeleton (D:5)
  An iguana (D:7)
  46 orc wizards
  3 hell rats
  A killer bee zombie (D:6)
  3 hound skeletons (D:5)
  10 gnolls
  14 adders
  A howler monkey skeleton (D:6)
  7 river rats (Lair:1)
  A shadow imp (D:6)
  An ufetubus (D:7)
  An adder skeleton (D:4)
  A worm (D:3)
  2 dart slugs
  99 orcs
  4 bats
  9 endoplasms
  3 giant cockroaches
  7 goblins
  9 hobgoblins
  2 jackals (D:2)
  6 kobolds
  8 quokkas
  4 ball pythons
  5 frilled lizards
  5 rats
750 creatures vanquished.

Vanquished Creatures (collateral kills)
  Azrael (D:11)
  Josephine (D:11)
  3 death yaks (Lair:3)
  A centaur zombie (D:10)
  A hornet (Lair:6)
  3 fire bats (D:10)
  A water moccasin (Lair:6)
  2 hell hounds
  A wolf (Lair:3)
  A bullfrog (Lair:3)
  4 hell rats (Lair:6)
  4 foxfires (D:5)
23 creatures vanquished.

Vanquished Creatures (others)
  A vampire (D:10)
  A bush (Lair:1)
  350 foxfires
  44 fungi
  108 plants
504 creatures vanquished.

Grand Total: 1277 creatures vanquished

Notes
Turn   | Place    | Note
-------+----------+-------------------------------------------
     0 | D:1      | robertstho the Djinni Fire Elementalist began the quest for
                  | the Orb.
     0 | D:1      | Reached XP level 1. HP: 15/15 MP: 0/0
   360 | D:1      | Reached skill level 3 in Spellcasting
   397 | D:1      | Reached XP level 2. HP: 20/21 MP: 0/0
  1029 | D:1      | You are sucked into a shaft and drop 1 floor!
  1034 | D:2      | Reached XP level 3. HP: 23/25 MP: 0/0
  1034 | D:2      | Learned a level 1 spell: Summon Small Mammal
  2218 | D:3      | Reached XP level 4. HP: 30/31 MP: 0/0
  2221 | D:3      | Reached skill level 4 in Spellcasting
  2966 | D:4      | Reached XP level 5. HP: 9/36 MP: 0/0
  2966 | D:4      | Learned a level 2 spell: Searing Ray
  3516 | D:4      | Found Poopsua's Antique Armour Boutique.
  3974 | D:5      | Entered Level 5 of the Dungeon
  4055 | D:5      | Found a staircase to the Ecumenical Temple.
  4064 | D:5      | Reached skill level 5 in Spellcasting
  4071 | Temple   | Entered the Ecumenical Temple
  4240 | Temple   | Became a worshipper of Gozag Ym Sagoz the Greedy
  4300 | D:5      | Noticed Grinder
  4325 | D:5      | Killed Grinder
  4326 | D:5      | Reached XP level 6. HP: 33/41 MP: 0/0
  4402 | D:5      | Noticed a necrophage
  4409 | D:5      | Killed a necrophage
  4410 | D:5      | Reached skill level 1 in Fighting
  4410 | D:5      | Reached skill level 1 in Short Blades
  4410 | D:5      | Reached skill level 6 in Spellcasting
  4410 | D:5      | Reached XP level 7. HP: 38/47 MP: 0/0
  4410 | D:5      | Learned a level 2 spell: Wereblood
  5443 | D:6      | Reached skill level 7 in Spellcasting
  5443 | D:6      | Reached XP level 8. HP: 21/52 MP: 0/0
  6483 | D:6      | Reached skill level 8 in Spellcasting
  6692 | D:4      | Bought a shiny helmet for 232 gold pieces
  6877 | D:7      | Noticed a wyvern
  6884 | D:7      | Killed a wyvern
  6885 | D:7      | Reached XP level 9. HP: 40/58 MP: 0/0
  6885 | D:7      | Learned a level 3 spell: Teleport Other
  7088 | D:7      | Reached skill level 9 in Spellcasting
  8748 | D:8      | Noticed a hornet
  8752 | D:8      | Killed a hornet
  8753 | D:8      | Reached skill level 10 in Spellcasting
  9103 | D:8      | Noticed Erica
  9107 | D:8      | Killed Erica
  9108 | D:8      | Reached skill level 11 in Spellcasting
  9108 | D:8      | Reached XP level 10. HP: 56/65 MP: 0/0
  9900 | D:4      | Bought a pair of embroidered gloves for 232 gold pieces
 10596 | D:9      | Noticed a kobold demonologist
 10599 | D:9      | Noticed an orange demon
 10599 | D:9      | Killed a kobold demonologist
 10600 | D:9      | Reached skill level 12 in Spellcasting
 11030 | D:9      | Noticed a two-headed ogre
 11035 | D:9      | Killed a two-headed ogre
 11036 | D:9      | Reached XP level 11. HP: 49/70 MP: 0/0
 11036 | D:9      | Learned a level 5 spell: Summon Mana Viper
 12373 | D:10     | Entered Level 10 of the Dungeon
 12489 | D:10     | Noticed a two-headed ogre
 12492 | D:10     | Killed a two-headed ogre
 12493 | D:10     | Reached skill level 5 in Stealth
 12567 | D:10     | Noticed a two-headed ogre
 12571 | D:10     | Killed a two-headed ogre
 12572 | D:10     | Reached skill level 13 in Spellcasting
 12581 | D:10     | Noticed Urug
 12844 | D:10     | Killed Urug
 13045 | D:10     | Noticed a fire giant
 13046 | D:10     | Found the +7 great mace "Firestarter" {inner flame, rF++}
 13068 | D:10     | Killed a fire giant
 13908 | D:10     | Noticed Grum
 13911 | D:10     | Reached skill level 14 in Spellcasting
 13920 | D:10     | Killed Grum
 13921 | D:10     | Reached XP level 12. HP: 23/76 MP: 0/0
 14697 | D:11     | Noticed Psyche
 14702 | D:11     | Killed Psyche
 14703 | D:11     | Reached skill level 5 in Dodging
 14877 | D:11     | Identified the +0 pair of boots "Dith" {rElec Str+2 Dex+4}
 14887 | D:11     | Found Ciheel's Assorted Antiques.
 14895 | D:11     | Bought a blue potion for 27 gold pieces
 14895 | D:11     | Bought a blue potion for 27 gold pieces
 14895 | D:11     | Bought a fuming green potion for 27 gold pieces
 14895 | D:11     | Bought a scroll labelled ZIUFFO IW SAIL for 31 gold pieces
 14895 | D:11     | Bought a scroll labelled BOACKI NEEMNUIJI for 31 gold
                  | pieces
 14895 | D:11     | Bought a small golden ring for 155 gold pieces
 14895 | D:11     | Bought a scroll labelled CITEIG BIMARY for 31 gold pieces
 14895 | D:11     | Bought a wooden wand for 124 gold pieces
 15488 | D:11     | Found a sacrificial altar of Ru.
 15754 | D:11     | Noticed Josephine
 15757 | D:11     | HP: 3/72 [Josephine/ghostly fireball (32)]
 15953 | D:11     | Killed Josephine
 15957 | D:11     | HP: 3/111 [wraith[Josephine] (4)]
 16531 | D:11     | Found a staircase to the Lair.
 16725 | D:12     | Noticed a boulder beetle
 16802 | Lair:1   | Entered Level 1 of the Lair of Beasts
 16804 | Lair:1   | Reached skill level 15 in Spellcasting
 17472 | Lair:1   | Reached skill level 1 in Maces & Flails
 18080 | Lair:1   | Reached XP level 13. HP: 70/82 MP: 0/0
 18080 | Lair:1   | Learned a level 5 spell: Hydra Form
 18619 | Lair:1   | Reached skill level 16 in Spellcasting
 19736 | Lair:2   | Found a runed translucent door.
 19743 | Lair:2   | Noticed Ruiv's ghost (journeyman GrDe)
 20350 | Lair:2   | Bought a potion of curing for 51 gold pieces
 20350 | Lair:2   | Bought a potion of heal wounds for 85 gold pieces
 20350 | Lair:2   | Bought a potion of curing for 51 gold pieces
 20350 | Lair:2   | Bought a potion of brilliance for 68 gold pieces
 20350 | Lair:2   | Bought a potion of curing for 51 gold pieces
 20350 | Lair:2   | Bought a potion of flight for 51 gold pieces
 20350 | Lair:2   | Bought a potion of lignification for 51 gold pieces
 20350 | Lair:2   | Bought a potion of ambrosia for 136 gold pieces
 20350 | Lair:2   | Bought a potion of curing for 51 gold pieces
 20350 | Lair:2   | Bought a potion of ambrosia for 136 gold pieces
 20480 | Lair:3   | Found a staircase to the Swamp.
 20509 | Lair:3   | Reached skill level 17 in Spellcasting
 20855 | Lair:3   | Reached XP level 14. HP: 67/87 MP: 0/0
 20915 | Lair:3   | Found a staircase to the Snake Pit.
 21767 | Lair:4   | Found a runed translucent gate.
 21768 | Lair:4   | Found a runed translucent gate.
 21768 | Lair:4   | Found a runed translucent gate.
 21769 | Lair:4   | Noticed taxman66's ghost (journeyman DjFE)
 22135 | Lair:4   | Reached skill level 18 in Spellcasting
 23392 | Lair:5   | Identified the +1 war axe "Alatac" {holy, rElec Str+4}
 23406 | Lair:6   | Entered Level 6 of the Lair of Beasts
 23496 | Lair:6   | Found a viscous altar of Jiyva.
 23496 | Lair:6   | Found a staircase to the Slime Pits.
 23532 | Lair:6   | Found a dark tunnel.
 23541 | Volcano  | Entered a volcano
 23858 | Volcano  | Found a bloodstained altar of Trog.
 24260 | Lair:6   | Reached skill level 19 in Spellcasting
 24268 | Lair:6   | Reached XP level 15. HP: 80/92 MP: 0/0
 24268 | Lair:6   | Learned a level 6 spell: Freezing Cloud
 25116 | Lair:6   | Found a runed translucent door.
 25988 | D:12     | Noticed Azrael
 26004 | D:11     | Killed Azrael
 26258 | D:4      | Bought a warped buckler for 294 gold pieces
 26258 | D:4      | Identified the +1 buckler of the Stag {*Slow Str+3} (You
                  | bought it in a shop on level 4 of the Dungeon)
 26264 | D:4      | Bought a scroll of blinking for 120 gold pieces
 26264 | D:4      | Bought a scroll of blinking for 120 gold pieces
 26264 | D:4      | Bought a scroll of holy word for 120 gold pieces
 26264 | D:4      | Bought a scroll of teleportation for 48 gold pieces
 26264 | D:4      | Bought a scroll of identify for 32 gold pieces
 26401 | D:12     | Noticed Snorg
 26624 | D:12     | Killed Snorg
 26877 | D:12     | Found a staircase to the Orcish Mines.
 27451 | D:13     | Found a gate to the Vaults.
 27978 | D:13     | Reached skill level 20 in Spellcasting
 28113 | Orc:1    | Entered Level 1 of the Orcish Mines
 28241 | Orc:2    | Entered Level 2 of the Orcish Mines
 28438 | Orc:2    | Found a runed translucent door.
 28444 | Orc:2    | Found a shimmering altar of Xom.
 28444 | Orc:2    | Noticed Grognak's ghost (journeyman TrCK)
 28812 | Orc:2    | Paralysed by an ogre mage for 2 turns
 28879 | Orc:2    | Found Atebaff's Jewellery Boutique.
 28989 | Orc:2    | Found a staircase to the Elven Halls.
 29092 | Orc:2    | Noticed Erolcha
 29096 | Orc:2    | Reached XP level 16. HP: 66/99 MP: 0/0
 29104 | Orc:2    | Killed Erolcha
 29218 | Orc:2    | Noticed Nergalle
 29224 | Orc:2    | Killed Nergalle
 29383 | Orc:2    | Found Ycitumpo's Distillery.
 29422 | Orc:2    | Found Faggy's Jewellery Boutique.
 29434 | Orc:2    | Found Ise Efu's Antique Armour Shop.
 29455 | Orc:2    | Bought a potion of curing for 54 gold pieces
 29455 | Orc:2    | Bought a potion of curing for 54 gold pieces
 29455 | Orc:2    | Bought a potion of curing for 54 gold pieces
 29455 | Orc:2    | Bought a potion of heal wounds for 90 gold pieces
 29739 | Orc:2    | Slain by a +1 broad axe of chaos

Illustrated notes

Levels and vault maps discovered:
D:1:      wheals_arrival_linesprint, layout_basic, hex_large
D:2:      layout_rooms
D:3:      layout_basic, overflow_temple_1_default
D:4:      layout_basic, serial_shops, shop
D:5:      layout_basic, minmay_temple_entry_statues_fountains,
          chequers_big_river, solitary_fountain, uniq_grinder
D:6:      layout_loops_cross
D:7:      layout_basic
D:8:      layout_gridville, special_room [special_room_orc], uniq_erica
D:9:      kb_forest_paths, layout_basic
D:10:     minmay_firetagon, layout_basic, uniq_grum, uniq_urug
D:11:     layout_basic, dpeg_oklobed_lair, serial_shops, shop,
          nicolae_ru_awakened_eye, uniq_josephine, uniq_psyche
D:12:     layout_cave_pools, erik_orc_3, uniq_azrael, uniq_snorg
D:13:     layout_cave_pools, david_vaults_2, minmay_statues_item, minivault_7
D:14:     layout_cave_pools, serial_shops, shop
Temple:   kilobyte_greek_temple
Lair:1:   minmay_lair_venomous_thicket, layout_regular_city,
          chequers_serial_rivers_small_b, kennysheep_rathole, grunt_megastairs_5
Lair:2:   layout_chaotic_city, ebering_ghost_reflecting_pool, minivault_25,
          nicolae_quartered_pool_super, beast_lair_carwin_6,
          serial_bayou_shore_b
Lair:3:   layout_hall_layers, minmay_swamp_entry_swarm,
          minmay_snake_entry_guardpost_large, lemuel_fruit_tree,
          grunt_megastairs_1
Lair:4:   nzn_winding_woodlands_small [nzn_winding_woodlands_5x15_longhouse,
          nzn_winding_woodlands_center_lodge,
          nzn_winding_woodlands_5x15_sawtooth], layout_loops_ring,
          gammafunk_ghost_hydra_chop, kilobyte_rumbling_trees,
          infiniplex_staircase_pool_2, lemuel_fruit_fields
Lair:5:   layout_loops_ring, serial_bayou_shore_b
Lair:6:   hangedman_lair_caniforms_friends, layout_regular_city, wormcave,
          slime_altar_1, nicolae_volcano_entry_lava_flow, grunt_megastairs_3
Orc:1:    layout_diamond_mine, basic_altar
Orc:2:    kennysheep_orc_mage_school, layout_caves, ebering_ghost_xom

Skill      XL: |  1  2  3  4  5  6  7  8  9 10 11 12 13 14 15 |
---------------+----------------------------------------------+-----
Spellcasting   | 3 4 5 6 7 8 11 12 14 15 17 19 20 | 20.3
Stealth        | 2 3 4 5 |  5.7
Fighting       | 1 2 3 4 |  4.5
Short Blades   | 1 2 |  2.2
Dodging        | 3 4 5 6 7 |  7.0
Maces & Flails | 1 2 3 |  3.2
Evocations     | |  0.3

Action                   |  1- 3 |  4- 6 |  7- 9 | 10-12 | 13-15 | 16-18 || total
-------------------------+-------+-------+-------+-------+-------+-------++-------
Melee: Rapier            |       |    14 |       |       |       |       ||    14
       Short sword       |       |       |       |     1 |       |       ||     1
       Great mace        |       |       |       |    15 |    23 |       ||    38
 Cast: Foxfire           |    88 |    83 |    39 |     3 |     1 |       ||   214
       Searing Ray       |       |     1 |    22 |    16 |    65 |       ||   104
       Conjure Flame     |       |       |     3 |     1 |     2 |       ||     6
       Fireball          |       |       |    38 |   145 |   437 |    16 ||   636
       Sticky Flame      |       |       |       |    20 |    45 |       ||    65
       Summon Mana Viper |       |       |       |     6 |    14 |     2 ||    22
       Freezing Cloud    |       |       |       |       |    31 |     4 ||    35
       Teleport Other    |       |       |       |       |     1 |       ||     1
Invok: Potion Petition   |       |       |       |     1 |     1 |       ||     2
       Call Merchant     |       |       |       |       |     3 |       ||     3
Evoke: Wand              |       |       |       |       |     1 |       ||     1
  Use: Scroll            |     2 |       |       |     3 |    25 |       ||    30
       Potion            |       |     1 |       |     5 |     6 |       ||    12
Armor: Robe              |     1 |     7 |    11 |    24 |    83 |     2 ||   128
Dodge: Dodged            |     3 |    17 |    29 |    56 |   200 |       ||   305

Table legend: (Time is in decaauts)
 A = Elapsed time spent in this place.
 B = Non-inter-level travel time spent in this place.
 C = Inter-level travel time spent in this place.
 D = Time resting spent in this place.
 E = Time spent auto-exploring this place.
 F = Levels seen in this place.
 G = Mean time per level.
                   A        B        C        D        E       F      G
               +--------+--------+--------+--------+--------+-----+--------+
         Total |  29828 |  28090 |   1738 |   4642 |  19658 |  24 | 1242.8 |
       Dungeon |  19268 |  17888 |   1380 |   3398 |  12537 |  14 | 1376.3 |
        Temple |    201 |    169 |     32 |      0 |    167 |   1 |  201.0 |
          Lair |   8398 |   8092 |    306 |   1029 |   5713 |   6 | 1399.7 |
  Orcish Mines |   1626 |   1608 |     18 |    155 |   1090 |   2 |  813.0 |
       Volcano |    332 |    332 |      0 |     60 |    151 |   1 |  332.0 |
               +--------+--------+--------+--------+--------+-----+--------+

Top non-repeatable levels by time:
    D:11: 2789 daAuts
     D:9: 2600 daAuts
  Lair:1: 2458 daAuts
    D:10: 2179 daAuts
  Lair:6: 1906 daAuts
     D:8: 1836 daAuts
     D:6: 1505 daAuts
   Orc:2: 1498 daAuts
     D:7: 1341 daAuts
     D:1: 1306 daAuts
  Lair:4: 1272 daAuts
     D:5: 1235 daAuts
  Lair:3: 1052 daAuts
     D:3: 1018 daAuts
     D:4: 954 daAuts
